 Dungeon Crawl Stone Soup version 0.31.0-9-g3a7656b989 (webtiles) character file.

Game seed: 18352839463166504245

110 qw the Skirmisher (level 4, 0/25 HPs)
             Began as a Deep Elf Hunter on Feb 2, 2024.
             Slain by a gnoll
             ... wielding a +0 whip
              (7 damage)
             ... on level 3 of the Dungeon.
             The game lasted 00:00:08 (1812 turns).

qw the Skirmisher (Deep Elf Hunter)                 Turns: 1812, Time: 00:00:08

Health: 0/25       AC:  5    Str: 10    XL:     4   Next: 61%
Magic:  6/6        EV: 11    Int: 14    God:
Gold:   166        SH:  0    Dex: 24    Spells: 3/3 levels left

rFire   . . .        a - +0 shortbow
rCold   . . .        (shield currently unavailable)
rNeg    . . .        i - +0 ring mail
rPois   .            (helmet restricted)
rElec   .            (no cloak)
rCorr   .            (no gloves)
SInv    .            (no boots)
Will    .....        (no amulet)
Stlth   ++           c - +6 ring of dexterity
HPRegen 0.24/turn    (no ring)
MPRegen 0.10/turn

%: no passive effects
@: mighty
A: horns 1
a: no special abilities


You were on level 3 of the Dungeon.
You visited 1 branch of the dungeon, and saw 4 of its levels.

You collected 166 gold pieces.


Innate Abilities, Weirdness & Mutations

You have a pair of small horns on your head.


   Skills:
 - Level 1.5 Fighting
 - Level 8.0 Ranged Weapons
 + Level 2.6 Dodging
 - Level 1.2 Stealth


You had 3 spell levels left.
You didn't know any spells.
Your spell library was empty.

Inventory:

Hand Weapons
 a - a +0 shortbow (weapon)
Armour
 i - a +0 ring mail (worn)
Jewellery
 c - a +6 ring of dexterity (left hand)
Potions
 d - a potion of mutation
 e - a potion of degeneration {unknown}
 g - 2 potions of curing
 h - a potion of might

Dungeon Overview and Level Annotations

Branches:
Dungeon (4/15)
 Temple: D:4-7

Altars:
Makhleb
The Shining One

Annotations:
D:3 1 transporter, qw's ghost, amateur SpHu


Message History

The gnoll shouts! x4; The orc wizard shouts! x2
There is a stone staircase leading up here.
There are monsters nearby!
Waypoint 3 assigned to D:4.
1806 ||| STAIRDANCE The orc wizard gestures wildly while chanting.
The orc wizard flickers and vanishes!
Deactivating autopickup; reactivate with Ctrl-A.
The orc wizard hits you but does no damage.
The gnoll barely misses you. x2
You climb upwards.
Level annotation: 1 transporter, qw's ghost, amateur SpHu Reactivating autopickup.
There is a stone staircase leading down here.
You shoot an arrow. The arrow hits the orc wizard!
The orc wizard is heavily wounded.
The orc wizard closely misses you. The gnoll hits you but does no damage.
The gnoll hits you with a +0 whip. Something hits you but does no damage.
Deactivating autopickup; reactivate with Ctrl-A.
You shoot an arrow. The arrow hits the orc wizard.
The orc wizard is severely wounded.
Something hits you. The orc wizard closely misses you. The gnoll misses you.
The gnoll barely misses you.
You shoot an arrow.
The arrow hits the orc wizard but does no damage.
The orc wizard is severely wounded.
Something hits you but does no damage.
The orc wizard hits you but does no damage.
The gnoll closely misses you. The gnoll hits you but does no damage.
You shoot an arrow.
The arrow closely misses the orc wizard.
Something hits you.
The orc wizard gestures at you while chanting.
The puff of flame hits you! The gnoll barely misses you. x2
You shoot an arrow.
The arrow hits the orc wizard but does no damage.
The orc wizard is severely wounded.
Something hits you but does no damage. The orc wizard barely misses you.
The gnoll barely misses you. The gnoll hits you with a +0 whip!
You die...

##### #...### ##.#...#
#....#.########
#.._..........#
#.g...#######.####
#@g#..............
#o{...#######.#### #.###.#
###.#### ##.# #.# ##.......
#########..###.# #........
#...........##.####..#.#...
#...........##.<.....#.#.##
#..#######...#.........#.#
##ยค.#######...#...<.....#.##


You could see an orc wizard and 2 gnolls.

Vanquished Creatures
  A jelly (D:2)
  A gnoll (D:1)
  An adder (D:2)
  A ribbon worm (D:3)
  3 ball pythons
  6 endoplasms
  A giant cockroach (D:1)
  5 goblins
  3 hobgoblins
  11 jackals (D:1)
  A quokka (D:2)
  4 bats
  A frilled lizard (D:2)
  8 kobolds
  8 rats
55 creatures vanquished.

Notes
Turn   | Place    | Note
-------+----------+-------------------------------------------
     0 | D:1      | qw the Deep Elf Hunter began the quest for the Orb.
     0 | D:1      | Reached XP level 1. HP: 12/12 MP: 3/3
     0 | D:1      | 0 ||| qw: Version: 0.3-a-155-g5e7d8dd
     0 | D:1      | 0 ||| qw: Game counter: 1253
     0 | D:1      | 0 ||| qw: Melee chars always use a shield: true
     0 | D:1      | 0 ||| qw: God list: Okawaru
     0 | D:1      | 0 ||| qw: Allow faded altars: false
     0 | D:1      | 0 ||| qw: Do Orc after clearing Dungeon:15 true
     0 | D:1      | 0 ||| qw: Do second Lair branch before Depths: true
     0 | D:1      | 0 ||| qw: Lair rune preference: random
     0 | D:1      | 0 ||| qw: Goals: Normal
     0 | D:1      | 0 ||| PLANNING D:1-11
   130 | D:1      | Reached XP level 2. HP: 7/16 MP: 4/4
   188 | D:1      | Reached skill level 6 in Ranged Weapons
   323 | D:1      | 323 ||| RETREEEEATING.
   358 | D:1      | Reached XP level 3. HP: 20/20 MP: 5/5
   413 | D:1      | Reached skill level 7 in Ranged Weapons
   605 | D:1      | 605 ||| UPGRADING to +0 ring mail.
   615 | D:1      | 615 ||| DROPPING +0 leather armour.
   616 | D:1      | 616 ||| READING scroll labelled BUQILA YCZIVI.
   617 | D:1      | 617 ||| READING scroll labelled VIN EZOZAACA.
   618 | D:1      | 618 ||| READING scroll labelled AJEHAI FIOCE.
   619 | D:1      | 619 ||| DROPPING scroll of butterflies.
   810 | D:2      | Reached XP level 4. HP: 25/25 MP: 6/6
  1307 | D:2      | 1307 ||| UPGRADING to +6 ring of dexterity.
  1308 | D:2      | 1308 ||| READING 2 scrolls labelled EPYPSOALOP.
  1308 | D:2      | 1308 ||| IDENTIFYING bubbling brown potion
  1309 | D:2      | 1309 ||| READING scroll of identify.
  1309 | D:2      | 1309 ||| IDENTIFYING lumpy dark potion
  1310 | D:2      | 1310 ||| DRINKING 2 orange potions.
  1310 | D:2      | Gained mutation: You have a pair of small horns on your
                  | head. [potion of mutation]
  1311 | D:2      | 1311 ||| DROPPING potion of magic.
  1312 | D:2      | 1312 ||| DROPPING potion of brilliance.
  1356 | D:3      | Found a transporter.
  1359 | D:3      | Noticed qw's ghost (amateur SpHu)
  1385 | D:3      | Reached skill level 8 in Ranged Weapons
  1393 | D:3      | Found a glowing golden altar of the Shining One.
  1394 | D:3      | Found a burning altar of Makhleb.
  1784 | D:3      | 1784 ||| READING scroll labelled ZAZI OTEV FUE.
  1785 | D:3      | 1785 ||| READING scroll labelled ZEOM VUGHE.
  1786 | D:3      | 1786 ||| READING scroll labelled NETHIU OX JAET.
  1787 | D:3      | 1787 ||| DRINKING 3 viscous grey potions.
  1788 | D:3      | 1788 ||| DRINKING 2 metallic pink potions.
  1806 | D:4      | 1806 ||| STAIRDANCE
  1812 | D:3      | Slain by a gnoll

Levels and vault maps discovered:
D:1:      saegor_arrival_simple_d, layout_rooms, dk_noncrumbling_4
D:2:      kennysheep_big_flooded_room, layout_basic
D:3:      layout_loops_ring, mainiacjoe_overflow_chevrons,
          mainiacjoe_overflow_tiny_flanked, gammafunk_ghost_mausoleum,
          nicolae_the_louvre
D:4:      layout_rooms, serial_shops, shop, minmay_misc_feat_four_crosses,
          grunt_ministairs_14

Skill      XL: |  1  2  3  4 |
---------------+-------------+-----
Ranged Weapons | 6 7 8 |  8.0
Fighting       | |  1.5
Dodging        | |  2.6
Stealth        | |  1.2

Action                     |  1- 3 |  4- 6 || total
---------------------------+-------+-------++-------
   Fire: Shortbow          |   116 |    34 ||   150
    Use: Scroll            |     3 |     5 ||     8
         Potion            |       |     3 ||     3
 Armour: Leather armour    |    24 |       ||    24
         Ring mail         |     4 |    13 ||    17
  Dodge: Dodged            |    34 |    14 ||    48

Table legend:
 A = Non-vault XP
 B = Vault XP
 C = Vault XP percentage of total XP
 D = Non-vault monster count
 E = Vault monster count
 F = Vault count percentage of total count
                 A         B        C        D         E       F
            +---------+---------+-------+---------+---------+-------
      Total |     143 |      15 |   9.5 |      53 |       2 |   3.6
            +---------+---------+-------+---------+---------+-------
        D:1 |      72 |       0 |   0.0 |      34 |       0 |   0.0
        D:2 |      62 |      15 |  19.5 |      14 |       2 |  12.5
        D:3 |       9 |       0 |   0.0 |       5 |       0 |   0.0
            +---------+---------+-------+---------+---------+-------
